 Dungeon Crawl Stone Soup version 0.28.0-43-g3370ac3207 (webtiles) character file.

Game seed: 5165398670419484

3891 themarg the Martial Artist (level 10, -3/76 HPs)
             Began as a Gnoll Transmuter on Mar 24, 2022.
             Was an Initiate of Yredelemnul.
             Slain by a six-headed hydra (14 damage)
             ... on level 8 of the Dungeon.
             The game lasted 00:46:42 (11005 turns).

themarg the Martial Artist (Gnoll Transmuter)      Turns: 11005, Time: 00:46:43

Health: -3/76      AC:  8    Str: 10    XL:     10   Next: 19%
Magic:  20/20      EV: 11    Int: 14    God:    Yredelemnul [......]
Gold:   354        SH:  0    Dex: 15    Spells: 22/23 levels left

rFire   . . .      SeeInvis .   b - +8 hunting sling "Widowmaker" {vorpal, Fly}
rCold   . . .      Faith    .   (no shield)
rNeg    . . .      Spirit   .   H - +0 scale mail
rPois   .          Reflect  .   (no helmet)
rElec   .          Harm     .   G - +0 cloak
rCorr   +          Rampage  .   (no gloves)
Will    .....                   (no boots)
Stlth   ++........              h - amulet of the acrobat
HPRegen 0.22/turn               x - ring of resist corrosion
MPRegen 0.17/turn               (no ring)

@: flying
A: fangs 1, strong nose, distributed training
a: Renounce Religion, Recall Undead Harvest


You were on level 8 of the Dungeon.
You worshipped Yredelemnul.
Yredelemnul was noncommittal.
You visited 1 branch of the dungeon, and saw 8 of its levels.

You collected 431 gold pieces.
You spent 77 gold pieces at shops.

Inventory:

Hand Weapons
 a - a +4 vampiric dagger
 b - the +8 hunting sling "Widowmaker" (weapon) {vorpal, Fly}
   (You found it on level 2 of the Dungeon)

   Any ammunition fired from it inflicts extra damage upon your enemies.
   Fly:       It grants you flight.
 f - a +1 whip of venom
Missiles
 d - 185 stones
 i - 16 sling bullets (quivered ammo)
 y - 4 poisoned darts
 F - a throwing net
Armour
 u - a +0 ring mail
 G - a +0 cloak (worn)
 H - a +0 scale mail (worn)
Jewellery
 h - an amulet of the acrobat (around neck)
 x - a ring of resist corrosion (left hand)
 I - a ring of poison resistance
Wands
 q - a wand of flame (47)
 E - a wand of acid (5)
Scrolls
 g - 2 scrolls of vulnerability
 k - 3 scrolls of silence {unknown}
 l - 5 scrolls of teleportation
 m - 2 scrolls of enchant armour {unknown}
 n - 4 scrolls of immolation
 o - a scroll of blinking {unknown}
 p - 2 scrolls of fog {unknown}
 v - a scroll of amnesia {unknown}
 A - a scroll of enchant weapon {unknown}
 B - a scroll of fear {unknown}
Potions
 c - 2 potions of heal wounds
 e - a potion of might
 j - a potion of curing
 r - a potion of invisibility {unknown}
 s - a potion of degeneration {unknown}
 t - a potion of attraction {unknown}
 w - a potion of resistance
 z - 2 potions of haste
 D - a potion of mutation {unknown}


   Skills:
 + Level 5.7 Fighting
 + Level 5.0 Short Blades
 + Level 5.0 Long Blades
 + Level 5.0 Axes
 + Level 5.0 Maces & Flails
 + Level 5.0 Polearms
 + Level 5.0 Staves
 + Level 5.0 Slings
 + Level 5.0 Bows
 + Level 5.0 Crossbows
 + Level 5.0 Throwing
 + Level 5.0 Armour
 + Level 6.9 Dodging
 + Level 5.0 Stealth
 + Level 5.0 Shields
 + Level 8.3 Unarmed Combat
 + Level 7.2 Spellcasting
 + Level 4.1 Conjurations
 + Level 4.1 Hexes
 + Level 4.1 Summonings
 + Level 4.1 Necromancy
 + Level 4.1 Translocations
 + Level 5.7 Transmutations
 + Level 4.1 Fire Magic
 + Level 4.1 Ice Magic
 + Level 4.1 Air Magic
 + Level 4.1 Earth Magic
 + Level 4.1 Poison Magic
 + Level 5.5 Invocations
 + Level 5.0 Evocations


You had 22 spell levels left.
You knew the following spells:

 Your Spells              Type           Power      Damage    Failure   Level
a - Beastly Appendage     Tmut           42%        N/A       8%          1

Your spell library contained the following spells:

 Spells                   Type           Power      Damage    Failure   Level
 Wereblood                Tmut           21%        N/A       12%         2
 Animate Skeleton         Necr           32%        N/A       14%         1
 Apportation              Tloc           32%        N/A       14%         1
 Summon Small Mammal      Summ           64%        N/A       14%         1
 Spider Form              Tmut/Pois      18%        N/A       30%         3
 Ice Form                 Ice/Tmut       18%        N/A       71%         4
 Leda's Liquefaction      Hex/Erth       8%         N/A       82%         4
 Lee's Rapid Deconstruct  Erth           8%         3d8*      99%         5
 Statue Form              Tmut/Erth      12%        N/A       100%        6


Dungeon Overview and Level Annotations

Branches:
Dungeon (8/15)             Temple (0/1) D:5
   Lair: D:8-11

Altars:
Trog
Uskayaw
Yredelemnul
The Shining One

Shops:
D:1 ?   D:2 (   D:5 (   D:8 =

Annotations:
D:5 2 transporters, TheDeanity's ghost, novice TrFi


Innate Abilities, Weirdness & Mutations

You have very sharp teeth.
Your uncanny sense of smell can sniff out nearby items.
Your experience applies equally to all skills.


Message History

The bolt of acid hits the six-headed hydra!!
The acid corrodes the six-headed hydra!
The six-headed hydra is heavily wounded.
The six-headed hydra bites you!
The six-headed hydra bites you but does no damage.
The six-headed hydra bites you.
The six-headed hydra bites you but does no damage.
The six-headed hydra bites you! The six-headed hydra barely misses you.
Fire: 18 sling bullets
Press: ? - help, Q - select action, (/) - cycle Shift-Dir - straight line, f/p - six-headed hydra
Aim: a six-headed hydra (heavily wounded, covered in acid, 84% to hit)
You shoot a sling bullet.
The sling bullet hits the six-headed hydra!
The six-headed hydra is severely wounded.
The six-headed hydra bites you! x2; The six-headed hydra bites you.
The six-headed hydra bites you!
* * * LOW HITPOINT WARNING * * *
The six-headed hydra closely misses you.
The six-headed hydra bites you.
* * * LOW HITPOINT WARNING * * *
The six-headed hydra is no longer covered in acid.
Fire: 17 sling bullets
Press: ? - help, Q - select action, (/) - cycle Shift-Dir - straight line, f/p - six-headed hydra
Aim: a six-headed hydra (moderately wounded, 84% to hit)
You shoot a sling bullet.
The sling bullet hits the six-headed hydra!
The six-headed hydra is heavily wounded.
The six-headed hydra bites you.
* * * LOW HITPOINT WARNING * * *
The six-headed hydra bites you but does no damage.
The six-headed hydra closely misses you.
The six-headed hydra barely misses you. The six-headed hydra bites you!
* * * LOW HITPOINT WARNING * * *
The six-headed hydra bites you but does no damage.
Okay, then.
As you read the scroll of identify, it crumbles to dust.
n - 4 scrolls of immolation The six-headed hydra barely misses you.
The six-headed hydra bites you!
You die...
Your body rises from the dead as a mindless zombie.

.....#####.#.....#....# .>..
#........##.#### ##.
#.#.#######.# ###.#
#.#......##.# ....#
#.######.##.# #P.#..###.#
#.##.# #..PP.<...#
###.##.######
#....P#...####.............
♣..P.PP...@D...............
#..♣≈≈..P............#######
#.♣≈≈≈♣.....##########
..≈♣≈≈≈≈...## ...♣≈≈♣≈♣.##
.. ♣♣≈≈.P.# ♣≈≈♣..# .≈♣P.#


You could see a six-headed hydra.

Vanquished Creatures
  Pikel (D:6)
  Prince Ribbit (D:7)
  Grinder (D:4)
  A slime creature (D:7)
  Eustachio (D:4)
  Menkaure (D:7)
  A water moccasin (D:5)
  Duvessa (D:5)
  2 orc warriors (D:7)
  A sky beast (D:6)
  An ice beast (D:6)
  A black bear (D:6)
  3 phantoms
  A scorpion (D:5)
  2 bullfrogs (D:7)
  A water moccasin skeleton (D:6)
  Dowan (D:5)
  5 killer bees (D:8)
  A centaur zombie (D:7)
  2 hounds
  4 orc priests
  3 bullfrog zombies
  3 bullfrog skeletons
  A centaur skeleton (D:7)
  6 orc wizards
  A killer bee zombie (D:6)
  A hound skeleton (D:5)
  8 adders
  A shadow imp (D:7)
  A white imp (D:6)
  A worm (D:3)
  3 dart slugs
  23 orcs
  5 ball pythons
  6 bats
  7 endoplasms
  2 giant cockroaches
  4 goblins
  6 hobgoblins
  2 jackals (D:1)
  7 kobolds
  4 quokkas
  A frilled lizard (D:2)
  A kobold zombie (D:4)
  6 rats
136 creatures vanquished.

Vanquished Creatures (collateral kills)
  A shadow (D:7)
  An ogre (D:5)
  A phantom (D:5)
  A killer bee (D:8)
  An orc wizard (D:7)
  An adder skeleton (D:4)
  3 orcs
  An endoplasm (D:3)
  A giant cockroach (D:2)
  A goblin (D:4)
  2 quokkas (D:2)
  A bat (D:2)
  A kobold (D:4)
  A rat (D:2)
17 creatures vanquished.

Vanquished Creatures (others)
  A water moccasin zombie (D:5)
  A bullfrog zombie (D:7)
  An orc priest (D:4)
  2 killer bee zombies (D:8)
  An adder zombie (D:6)
  A spectral shadow imp (D:7)
  A goblin zombie (D:4)
  2 hobgoblin zombies
  A kobold zombie (D:4)
  11 orc zombies
  A spectral endoplasm (D:4)
  2 plants (D:8)
25 creatures vanquished.

Grand Total: 178 creatures vanquished

Notes
Turn   | Place    | Note
-------+----------+-------------------------------------------
     0 | D:1      | themarg the Gnoll Transmuter began the quest for the Orb.
     0 | D:1      | Reached XP level 1. HP: 17/17 MP: 6/6
   135 | D:1      | Found Larritz's Magic Scroll Emporium.
   410 | D:1      | Reached XP level 2. HP: 23/23 MP: 5/7
  1279 | D:1      | Found a faded altar of an unknown god.
  1282 | D:1      | Prayed at the altar of an unknown god.
  1282 | D:1      | Became a worshipper of Yredelemnul the Dark
  1282 | D:1      | Reached * piety under Yredelemnul
  1392 | D:1      | Bought a scroll of identify for 22 gold pieces
  1392 | D:1      | Bought a scroll of teleportation for 33 gold pieces
  1392 | D:1      | Bought a scroll of identify for 22 gold pieces
  1426 | D:2      | Reached XP level 3. HP: 21/28 MP: 7/9
  1520 | D:2      | Reached skill level 5 in Spellcasting
  1565 | D:2      | Identified the +8 hunting sling "Widowmaker" {vorpal, Fly}
  1745 | D:2      | Found Pycihit's Weapon Shoppe.
  1872 | D:2      | Reached skill level 1 in Invocations
  2622 | D:3      | Found a bloodstained altar of Trog.
  2882 | D:3      | Reached skill level 1 in Short Blades
  2882 | D:3      | Reached skill level 1 in Long Blades
  2882 | D:3      | Reached skill level 1 in Axes
  2882 | D:3      | Reached skill level 1 in Maces & Flails
  2882 | D:3      | Reached skill level 1 in Polearms
  2882 | D:3      | Reached skill level 1 in Staves
  2882 | D:3      | Reached skill level 1 in Slings
  2882 | D:3      | Reached skill level 1 in Bows
  2882 | D:3      | Reached skill level 1 in Crossbows
  2882 | D:3      | Reached skill level 1 in Throwing
  2882 | D:3      | Reached skill level 1 in Armour
  2882 | D:3      | Reached skill level 1 in Stealth
  2882 | D:3      | Reached skill level 1 in Shields
  2882 | D:3      | Reached skill level 1 in Evocations
  2919 | D:3      | Reached XP level 4. HP: 34/34 MP: 11/11
  3519 | D:4      | Noticed Grinder
  3521 | D:4      | Reached skill level 1 in Conjurations
  3521 | D:4      | Reached skill level 1 in Hexes
  3521 | D:4      | Reached skill level 1 in Summonings
  3521 | D:4      | Reached skill level 1 in Necromancy
  3521 | D:4      | Reached skill level 1 in Translocations
  3521 | D:4      | Reached skill level 1 in Fire Magic
  3521 | D:4      | Reached skill level 1 in Ice Magic
  3521 | D:4      | Reached skill level 1 in Air Magic
  3521 | D:4      | Reached skill level 1 in Earth Magic
  3521 | D:4      | Reached skill level 1 in Poison Magic
  3549 | D:4      | Killed Grinder
  3550 | D:4      | Reached skill level 5 in Dodging
  3550 | D:4      | Reached XP level 5. HP: 12/41 MP: 12/12
  3550 | D:4      | Reached XP level 6. HP: 14/47 MP: 14/14
  4144 | D:4      | Reached ** piety under Yredelemnul
  4514 | D:4      | Noticed Eustachio
  4542 | D:4      | Killed Eustachio
  4543 | D:4      | Reached skill level 7 in Unarmed Combat
  4543 | D:4      | Reached XP level 7. HP: 28/52 MP: 15/15
  5244 | D:4      | Reached *** piety under Yredelemnul
  5421 | D:5      | Entered Level 5 of the Dungeon
  5813 | D:5      | Reached XP level 8. HP: 60/60 MP: 16/16
  5943 | D:5      | Noticed Duvessa
  5943 | D:5      | Noticed Dowan
  5976 | D:5      | Killed Dowan
  5981 | D:5      | HP: 3/60 [Duvessa/+0 short sword (19)]
  5982 | D:5      | Killed Duvessa
  6271 | D:5      | Found Uviasiergh's Antique Weapon Shoppe.
  6580 | D:5      | Found a transporter.
  6584 | D:5      | Noticed TheDeanity's ghost (novice TrFi)
  6617 | D:5      | Found a transporter.
  6720 | D:5      | Found a staircase to the Ecumenical Temple.
  7138 | D:6      | Noticed Pikel
  7201 | D:6      | Found a glowing golden altar of the Shining One.
  7666 | D:6      | Killed Pikel
  7667 | D:6      | Reached skill level 5 in Transmutations
  7667 | D:6      | Reached XP level 9. HP: 29/67 MP: 18/18
  8017 | D:6      | Reached skill level 5 in Fighting
  8662 | D:7      | Found a hide-covered altar of Uskayaw.
  8703 | D:7      | Reached skill level 8 in Unarmed Combat
  8963 | D:7      | Reached skill level 5 in Invocations
  9640 | D:7      | Reached XP level 10. HP: 74/74 MP: 20/20
  9921 | D:7      | Noticed Menkaure
  9924 | D:7      | Killed Menkaure
 10135 | D:7      | Noticed Prince Ribbit
 10143 | D:7      | Killed Prince Ribbit
 10144 | D:7      | Reached skill level 5 in Short Blades
 10144 | D:7      | Reached skill level 5 in Long Blades
 10144 | D:7      | Reached skill level 5 in Axes
 10144 | D:7      | Reached skill level 5 in Maces & Flails
 10144 | D:7      | Reached skill level 5 in Polearms
 10144 | D:7      | Reached skill level 5 in Staves
 10144 | D:7      | Reached skill level 5 in Slings
 10144 | D:7      | Reached skill level 5 in Bows
 10144 | D:7      | Reached skill level 5 in Crossbows
 10144 | D:7      | Reached skill level 5 in Throwing
 10144 | D:7      | Reached skill level 5 in Armour
 10144 | D:7      | Reached skill level 5 in Stealth
 10144 | D:7      | Reached skill level 5 in Shields
 10144 | D:7      | Reached skill level 5 in Evocations
 10584 | D:8      | Found Xeukhlom's Jewellery Boutique.
 10973 | D:8      | Noticed a six-headed hydra
 11005 | D:8      | Slain by a six-headed hydra

Illustrated notes

Levels and vault maps discovered:
D:1:      minmay_arrival_up_and_down, layout_basic,
          shapermc_ecumenical_altar_mp_vishouse, serial_shops,
          nicolae_shop_statue_plus, kennysheep_decorative_pillar, minivault_24,
          minmay_liquid_box, hangedman_decor_growths,
          amcnicky_mini_corridor_feature
D:2:      kb_forest_paths, layout_basic, serial_shops, shop
D:3:      layout_basic, bloody_trog, eino_tiny_chamber, dk_vineyard_2,
          kennysheep_small_spiral, corexii_item_surrounded_by_moat,
          hangedman_feature_mirror
D:4:      layout_basic, lightli_corner_chamber, uniq_eustachio, uniq_grinder
D:5:      layout_basic, lemuel_temple_firewalk_a, serial_shops,
          nicolae_shop_hallway_plus, gammafunk_ghost_mausoleum, uniq_duvessa
D:6:      layout_gridville, mainiacjoe_overflow_paths, minmay_misc_feat_chi,
          uniq_pikel
D:7:      minmay_opposing_rooms, layout_cave_pods,
          nicolae_overflow_crystal_walls, uniq_menkaure, uniq_prince_ribbit1,
          uniq_harold
D:8:      kennysheep_six_static_rooms, layout_loops_ring,
          erik_lair_orcish_takeover, serial_shops, shop, serial_bayou,
          serial_bayou_shore_a, serial_bayou_pond_a, serial_bayou_shore_b,
          serial_bayou_shore_b

Skill      XL: |  1  2  3  4  5  6  7  8  9 10 |
---------------+-------------------------------+-----
Spellcasting   | 5 6 7 |  7.2
Invocations    | 1 2 3 4 5 |  5.5
Short Blades   | 1 2 4 5 |  5.0
Long Blades    | 1 2 4 5 |  5.0
Axes           | 1 2 4 5 |  5.0
Maces & Flails | 1 2 4 5 |  5.0
Polearms       | 1 2 4 5 |  5.0
Staves         | 1 2 4 5 |  5.0
Slings         | 1 2 4 5 |  5.0
Bows           | 1 2 4 5 |  5.0
Crossbows      | 1 2 4 5 |  5.0
Throwing       | 1 2 4 5 |  5.0
Armour         | 1 2 4 5 |  5.0
Stealth        | 1 2 4 5 |  5.0
Shields        | 1 2 4 5 |  5.0
Evocations     | 1 2 4 5 |  5.0
Conjurations   | 1 2 3 4 |  4.1
Hexes          | 1 2 3 4 |  4.1
Summonings     | 1 2 3 4 |  4.1
Necromancy     | 1 2 3 4 |  4.1
Translocations | 1 2 3 4 |  4.1
Fire Magic     | 1 2 3 4 |  4.1
Ice Magic      | 1 2 3 4 |  4.1
Air Magic      | 1 2 3 4 |  4.1
Earth Magic    | 1 2 3 4 |  4.1
Poison Magic   | 1 2 3 4 |  4.1
Fighting       | 3 4 5 |  5.7
Dodging        | 5 6 |  6.9
Transmutations | 4 5 |  5.7
Unarmed Combat | 7 8 |  8.3

Action                   |  1- 3 |  4- 6 |  7- 9 | 10-12 || total
-------------------------+-------+-------+-------+-------++-------
Melee: Dagger            |    54 |       |    32 |       ||    86
       Kick              |    16 |     1 |       |       ||    17
       Unarmed           |    15 |       |       |       ||    15
       Headbutt          |     9 |     1 |       |       ||    10
       Bite              |     7 |     3 |     5 |       ||    15
       Punch             |     2 |     1 |     5 |       ||     8
       Short sword       |     3 |    21 |       |       ||    24
       Whip              |       |       |    16 |       ||    16
 Fire: Hunting sling     |    37 |    65 |   225 |    36 ||   363
 Cast: Beastly Appendage |    22 |     1 |     1 |       ||    24
Evoke: Wand              |       |       |     2 |     1 ||     3
  Use: Scroll            |     3 |       |     2 |     1 ||     6
       Potion            |       |       |     2 |       ||     2
Armor: Robe              |    12 |       |       |       ||    12
       Ring mail         |       |     7 |    45 |     2 ||    54
       Scale mail        |       |       |       |    10 ||    10
Dodge: Dodged            |    69 |    37 |   105 |    23 ||   234
